 Dungeon Crawl Stone Soup version 0.23.2-1-ga50397a6bc (webtiles) character file.

Game seed: 1882023505013281918

45753 MachJacob the Severer (level 14, -15/130 HPs)
             Began as a Deep Dwarf Fighter on May 3, 2019.
             Was the Champion of Makhleb.
             Demolished by Donald
             ... wielding a +1 double sword of slicing
              (35 damage)
             ... on level 2 of the Orcish Mines.
             The game lasted 01:34:56 (17623 turns).

MachJacob the Severer (Deep Dwarf Fighter)         Turns: 17623, Time: 01:34:57

Health: -15/130    AC: 19    Str: 21    XL:     14   Next: 2%
Magic:  7/9        EV:  8    Int: 11    God:    Makhleb [******]
Gold:   1452       SH: 12    Dex:  9    Spells: 13/13 levels left

rFire    + . .     SeeInvis .   a - +1 war axe
rCold    + + .     Gourm    .   c - +0 shield
rNeg     + . .     Faith    .   v - +0 plate armour
rPois    +         Spirit   .   E - +0 helmet
rElec    +         Reflect  .   G - +0 cloak {+Inv}
rCorr    .         Harm     .   (no gloves)
MR       ++...                  V - +0 pair of boots
Stlth    ..........             R - amulet of rage
HPRegen  0.00/turn              I - ring "Rasits" {rElec rF+ rC++ Dex-5 Stlth+}
MPRegen  0.11/turn              C - ring of poison resistance

@: very slightly contaminated, non-regenerating, lightly drained, invisible
A: damage resistance, heal wounds, negative energy resistance 1, sense
surroundings 2, no regeneration
a: Heal Wounds, Minor Destruction, Lesser Servant of Makhleb, Major Destruction,
Greater Servant of Makhleb, Renounce Religion, Evoke Berserk Rage


You were on level 2 of the Orcish Mines.
You worshipped Makhleb.
Makhleb was exalted by your worship.
You were not hungry.

You visited 4 branches of the dungeon, and saw 20 of its levels.

You collected 1452 gold pieces.

Inventory:

Hand Weapons
 a - a +1 war axe (weapon)
 b - a +1 whip of electrocution
Missiles
 o - 482 stones (quivered)
 X - 5 tomahawks of returning
Armour
 c - a +0 shield (worn)
 t - a +2 ring mail of fire resistance
 v - a +0 plate armour (worn)
 E - a +0 helmet (worn)
 G - a +0 cloak of invisibility (worn)
 V - a +0 pair of boots (worn)
Jewellery
 e - an uncursed ring of wizardry
 C - a ring of poison resistance (right hand)
 I - the ring "Rasits" (left hand) {rElec rF+ rC++ Dex-5 Stlth+}
   (You found it on level 2 of the Lair of Beasts)

   [ring of stealth]

   It affects your dexterity (-5).
   It protects you from fire.
   It greatly protects you from cold.
   It insulates you from electricity.
   It makes you more stealthy.
 R - an amulet of rage (around neck)
 W - an uncursed ring of protection from fire {unknown}
Wands
 r - a wand of random effects (35)
 y - a wand of paralysis (7)
 F - a wand of enslavement (22)
 H - a wand of acid (5)
 K - a wand of iceblast (4)
 M - a wand of digging (5)
 N - a wand of polymorph (13)
Scrolls
 g - 5 scrolls of remove curse
 h - 6 scrolls of teleportation
 n - 5 scrolls of amnesia
 p - 2 scrolls of immolation {unknown}
 q - a scroll of random uselessness {unknown}
 s - 4 scrolls of enchant armour
 w - 4 scrolls of enchant weapon
 x - a scroll of fog
 A - 2 scrolls of blinking
 D - 3 scrolls of magic mapping
 J - a scroll of silence {unknown}
 L - 2 scrolls of identify
 T - a scroll of noise {unknown}
Potions
 d - 3 potions of might
 i - 8 potions of curing
 j - 5 potions of heal wounds
 k - 3 potions of flight
 l - a potion of berserk rage
 m - 2 potions of ambrosia
 u - a potion of haste
 z - 2 potions of brilliance
 B - a potion of cancellation
 O - a potion of magic
 P - 2 potions of agility
 S - a potion of lignification
Miscellaneous
 Q - a fan of gales
Comestibles
 f - 25 rations
 U - 7 chunks of flesh


   Skills:
 + Level 9.9 Fighting
 * Level 15.5(15.4) Axes
 + Level 11.5(11.4) Armour
 + Level 6.5 Dodging
 + Level 11.7 Shields
 - Level 3.0 Invocations
 - Level 8.0 Evocations


You had 13 spell levels left.
You didn't know any spells.
Your spell library contained the following spells:

 Spells                   Type           Power        Failure   Level  Hunger
 Corona                   Hex            #......      100%        1    ##.....
 Flame Tongue             Conj/Fire      #....        100%        1    ##.....
 Sting                    Conj/Pois      #...         100%        1    ##.....
 Ensorcelled Hibernation  Hex/Ice        #.....       100%        2    ###....
 Poisonous Vapours        Pois/Air       #.....       100%        2    ###....
 Throw Flame              Conj/Fire      #.....       100%        2    ###....
 Confuse                  Hex            #.......     100%        3    ####...
 Conjure Flame            Conj/Fire      #.......     100%        3    ####...
 Dazzling Spray           Conj/Hex       #.....       100%        3    ####...
 Inner Flame              Hex/Fire       #.......     100%        3    ####...
 Mephitic Cloud           Conj/Pois/Air  #.......     100%        3    ####...
 Tukima's Dance           Hex            #.......     100%        3    ####...
 Olgreb's Toxic Radiance  Pois           #.......     100%        4    #####..
 Sticky Flame             Conj/Fire      #.......     100%        4    #####..
 Bolt of Magma            Conj/Fire/Erth #.........   100%        5    ######.
 Fireball                 Conj/Fire      #.........   100%        5    ######.
 Iskenderun's Battlesphe  Conj/Chrm      #.......     100%        5    ######.
 Venom Bolt               Conj/Pois      #.........   100%        5    ######.
 Iron Shot                Conj/Erth      #.........   100%        6    #######
 Orb of Destruction       Conj           #.........   100%        7    #######
 Spellforged Servitor     Conj/Summ      #.........   100%        7    #######


Dungeon Overview and Level Annotations

Branches:
Dungeon (11/15)            Temple (1/1) D:5            Lair (6/6) D:9
 Shoals (0/4) Lair:2       Spider (0/4) Lair:3        Slime (0/5) Lair:5
    Orc (2/2) D:11            Elf (0/3) Orc:2

Altars:
Ashenzari
Cheibriados
Dithmenos
Elyvilon
Fedhas
Gozag
Hepliaklqana
Kikubaaqudgha
Makhleb
Nemelex Xobeh
Okawaru
Qazlal
Ru
Sif Muna
Trog
Uskayaw
Vehumet
Wu Jian
Xom
Yredelemnul
Zin
The Shining One

Shops:
D:3 *   D:8 *   D:11 (

Annotations:
D:2 exclusion: 3 doors
D:6 3 runed translucent doors, MajorAdolf's ghost, novice NaWn
D:8 1 runed translucent door, afplayer's ghost, novice HuBe
Lair:1 3 runed translucent doors, libidonplus's ghost, journeyman TrFi
Lair:6 Urug
Orc:2 Donald


Innate Abilities, Weirdness & Mutations

You are resistant to damage.
You can heal yourself by infusing magical energy.
You resist negative energy. (rN+)
You passively map the area around you.
You do not regenerate.


Message History

You hit the orc warrior.
The orc warrior hits you with a +0 long sword.
Some of the chunks of flesh in your inventory have rotted away.
You strike the helpless Donald from behind!
You hit Donald but do no damage.
Donald is moderately wounded.
You hit the orc warrior. You hit the orc.
Donald hits you with a +1 double sword of slicing!!!
* * * LOW HITPOINT WARNING * * *
x2 You block the orc's attack.
Press: ? - help, Shift-Dir - straight line, f - orc
Aim: an orc, wearing a +0 scale mail (lightly wounded)
Okay, then.
You feel much better.
The orc priest calls down the wrath of Beogh upon you.
Beogh smites you!
* * * LOW HITPOINT WARNING * * *
You block the orc warrior's attack.
Donald hits you with a +1 double sword of slicing!!!
You die...

##........#.#.....##..
##......#...#......#...
##.#..#.##...........#
#......###..........#...
##.##.###.........<.#..#
###...#................
##.#..[...........$..
#....o............#..
##.#@@.o#............
##....o.......#.......
#....................#
#.....................
###...#................#
##............##........,
#......#......#.........
##.#..##...............#
###...##...........<.#


You could see Donald, an orc warrior, an orc priest and an orc.

Vanquished Creatures
  Fannar (D:11)
  5 hydras
  2 two-headed ogres
  7 death yaks
  An orc high priest (Orc:1)
  2 sea snakes (Lair:5)
  An unseen horror (D:10)
  An orc knight (Orc:1)
  2 manticores
  13 elephants
  14 spiny frogs
  A torpor snail (Lair:2)
  4 black mambas
  A rime drake (Lair:3)
  10 komodo dragons
  4 trolls
  A polar bear (Lair:5)
  A hornet (Lair:5)
  4 blink frogs (Lair:5)
  A dream sheep (Lair:5)
  11 hippogriffs
  A redback (Lair:3)
  A human (D:7)
  4 hogs (D:7)
  3 steam dragons
  4 basilisks
  A hungry ghost (D:9)
  20 yaks
  A warg (Orc:2)
  6 water moccasins
  6 porcupines
  7 ice beasts
  6 orc warriors
  2 sky beasts (D:11)
  A hornet zombie (D:11)
  3 black bears
  11 ogres
  17 wolves
  7 centaurs
  5 big kobolds
  9 crocodiles
  16 bullfrogs
  2 scorpions
  A wyvern skeleton (D:7)
  12 killer bees
  A vampire bat (D:5)
  7 howler monkeys
  4 crimson imps
  3 centaur zombies
  A bullfrog zombie (D:10)
  2 quasits
  5 hounds (D:4)
  6 orc priests
  Crazy Yiuf (D:7)
  3 centaur skeletons
  10 jellies (Lair:5)
  2 bullfrog skeletons
  2 iguanas
  9 orc wizards
  A killer bee zombie (D:2)
  9 worker ants
  2 hound skeletons
  2 worker ant zombies
  11 adders
  3 gnolls (D:3)
  A howler monkey skeleton (D:6)
  3 shadow imps
  2 oozes
  2 adder skeletons
  6 worms
  3 dart slugs (D:1)
  3 fire bats (D:5)
  5 leopard geckos
  58 orcs
  2 spectral bats (D:5)
  3 bat skeletons (D:5)
  A bat zombie (D:5)
  3 giant cockroaches
  6 goblins
  8 hobgoblins
  17 jackals
  34 kobolds
  3 quokkas
  A ball python (D:3)
  13 bats
  A bat simulacrum (D:5)
  6 frilled lizards
  A leopard gecko skeleton (D:5)
  4 rats
  10 fungi
  A plant (Lair:5)
514 creatures vanquished.

Vanquished Creatures (others)
  7 fungi
  21 plants
  4 toadstools (D:11)
  2 withered plants (D:8)
34 creatures vanquished.

Grand Total: 548 creatures vanquished

Notes
Turn   | Place    | Note
-------+----------+-------------------------------------------
     0 | D:1      | MachJacob the Deep Dwarf Fighter began the quest for the
                  | Orb.
     0 | D:1      | Reached XP level 1. HP: 20/20 MP: 1/1
   346 | D:1      | Reached XP level 2. HP: 27/27 MP: 2/2
   595 | D:1      | Reached XP level 3. HP: 24/33 MP: 3/3
   926 | D:2      | Reached skill level 3 in Axes
  1024 | D:2      | Found a shimmering altar of Xom.
  1033 | D:2      | Reached XP level 4. HP: 34/42 MP: 4/4
  1192 | D:2      | Found a shimmering altar of Xom.
  1401 | D:3      | Found Gozag's Platinum Reserve.
  1402 | D:3      | Found an opulent altar of Gozag.
  1583 | D:3      | Reached XP level 5. HP: 16/49 MP: 5/5
  1674 | D:3      | Reached skill level 4 in Axes
  1710 | D:3      | Noticed a two-headed ogre
  1717 | D:3      | HP: 2/49 [two-headed ogre/+0 giant club (9)]
  1973 | D:3      | HP: 2/49 [orc priest/nerve-wracking pain (12)]
  2367 | D:4      | Found a hazy altar of Hepliaklqana.
  2463 | D:4      | Reached XP level 6. HP: 51/56 MP: 5/5
  2536 | D:4      | Reached skill level 5 in Axes
  2673 | D:4      | Reached XP level 7. HP: 61/64 MP: 6/6
  2846 | D:4      | Reached skill level 5 in Shields
  2918 | D:4      | Reached skill level 5 in Armour
  2930 | D:4      | Reached skill level 6 in Axes
  3234 | D:5      | Entered Level 5 of the Dungeon
  3969 | D:5      | Reached XP level 8. HP: 55/73 MP: 6/6
  4174 | D:5      | Found a staircase to the Ecumenical Temple.
  4185 | Temple   | Entered the Ecumenical Temple
  4193 | Temple   | Became a worshipper of Makhleb the Destroyer
  4402 | D:6      | Reached skill level 7 in Axes
  4566 | D:6      | Reached skill level 5 in Fighting
  4850 | D:6      | Found a runed translucent gate.
  4850 | D:6      | Found a runed translucent gate.
  4850 | D:6      | Found a runed translucent gate.
  4851 | D:6      | Noticed MajorAdolf's ghost (novice NaWn)
  4851 | D:6      | Noticed a hornet
  5266 | D:6      | Reached * piety under Makhleb
  5266 | D:6      | Reached skill level 8 in Axes
  5342 | D:7      | Gained mutation: You passively map the area around you.
                  | [Deep Dwarf growth]
  5342 | D:7      | Reached XP level 9. HP: 32/81 MP: 6/6
  5373 | D:7      | Found a blossoming altar of Fedhas.
  5601 | D:7      | Reached skill level 1 in Invocations
  5616 | D:7      | Reached skill level 9 in Axes
  5865 | D:7      | Found an iron altar of Okawaru.
  6201 | D:7      | Found a runed translucent door.
  6202 | D:7      | Noticed Crazy Yiuf
  6210 | D:7      | Killed Crazy Yiuf
  6335 | D:8      | Found Zin's Purification Station.
  6335 | D:8      | Found a glowing silver altar of Zin.
  6528 | D:8      | Noticed a troll
  6690 | D:8      | Reached skill level 1 in Evocations
  6791 | D:8      | Reached ** piety under Makhleb
  6908 | D:8      | Killed a troll
  6911 | D:8      | Reached XP level 10. HP: 69/92 MP: 8/8
  6924 | D:8      | Found a runed translucent door.
  6926 | D:8      | Noticed afplayer's ghost (novice HuBe)
  6950 | D:8      | Reached skill level 10 in Axes
  7678 | D:9      | Noticed a two-headed ogre
  7781 | D:9      | Found a burning altar of Makhleb.
  7784 | D:9      | Found a hide-covered altar of Uskayaw.
  7808 | D:9      | Found a staircase to the Lair.
  7934 | D:9      | Reached *** piety under Makhleb
  8019 | D:9      | Killed a two-headed ogre
  8288 | D:10     | Entered Level 10 of the Dungeon
  8330 | D:10     | Reached skill level 11 in Axes
  8465 | D:10     | Killed an unseen horror
  8465 | D:10     | Reached skill level 5 in Evocations
  8583 | D:10     | Reached XP level 11. HP: 68/100 MP: 9/9
  8902 | D:10     | Reached **** piety under Makhleb
  9356 | D:11     | Noticed Fannar
  9384 | D:11     | Killed Fannar
  9492 | D:11     | Found Nuango's Weapon Emporium.
  9587 | D:11     | Found a staircase to the Orcish Mines.
  9608 | D:11     | Noticed Sonja
  9613 | D:11     | Noticed Sonja
  9613 | D:11     | Sonja changed into Sonja the sky beast
  9622 | D:11     | Killed Sonja the sky beast
  9645 | D:11     | Noticed a two-headed ogre
  9657 | D:11     | Killed a two-headed ogre
  9657 | D:11     | Reached skill level 12 in Axes
  9909 | D:11     | Reached ***** piety under Makhleb
  9949 | D:11     | Noticed a five-headed hydra
  9955 | D:11     | Killed a five-headed hydra
 10484 | Lair:1   | Entered Level 1 of the Lair of Beasts
 10679 | Lair:1   | Found a runed translucent gate.
 10679 | Lair:1   | Found a runed translucent gate.
 10679 | Lair:1   | Found a runed translucent gate.
 10682 | Lair:1   | Noticed libidonplus's ghost (journeyman TrFi)
 10951 | Lair:1   | Reached XP level 12. HP: 102/110 MP: 9/9
 11438 | Lair:2   | Noticed a seven-headed hydra
 11452 | Lair:2   | Killed a seven-headed hydra
 11452 | Lair:2   | Reached skill level 13 in Axes
 11452 | Lair:2   | Reached skill level 10 in Shields
 11467 | Lair:2   | Got a smoking platinum ring
 11471 | Lair:2   | Identified the ring "Rasits" {rElec rF+ rC++ Dex-5 Stlth+}
                  | (You found it on level 2 of the Lair of Beasts)
 11610 | Lair:2   | You fall through a shaft for 2 floors!
 11799 | Lair:3   | Reached skill level 1 in Dodging
 11891 | Lair:2   | Noticed a death yak
 11904 | Lair:3   | Killed a death yak
 11904 | Lair:3   | Reached skill level 10 in Armour
 12237 | Lair:2   | Found a staircase to the Shoals.
 12779 | Lair:3   | Found a hole to the Spider Nest.
 12935 | Lair:3   | Reached skill level 14 in Axes
 14395 | Lair:5   | Reached XP level 13. HP: 121/121 MP: 11/11
 14879 | Lair:5   | Reached ****** piety under Makhleb
 14901 | Lair:5   | Found a staircase to the Slime Pits.
 15242 | Lair:5   | Reached skill level 5 in Dodging
 15603 | Lair:6   | Entered Level 6 of the Lair of Beasts
 15868 | Lair:6   | Noticed Urug
 16077 | Lair:5   | Reached skill level 15 in Axes
 16228 | Lair:5   | Paralysed by a hornet for 3 turns
 16598 | Lair:6   | Identified the +5 glaive of the Big Bang {antimagic, rElec}
 16921 | Orc:1    | Entered Level 1 of the Orcish Mines
 17343 | Orc:2    | Entered Level 2 of the Orcish Mines
 17393 | Orc:2    | Gained mutation: You resist negative energy. (rN+) [Deep
                  | Dwarf growth]
 17393 | Orc:2    | Reached XP level 14. HP: 93/130 MP: 9/9
 17590 | Orc:2    | Found a staircase to the Elven Halls.
 17591 | Orc:2    | Noticed Donald
 17622 | Orc:2    | HP: 5/130 [Donald/+1 double sword of slicing (2)]
 17623 | Orc:2    | Demolished by Donald

Skill      XL: |  1  2  3  4  5  6  7  8  9 10 11 12 13 |
---------------+----------------------------------------+-----
Fighting       | 3 4 5 6 7 8 9 |  9.9
Axes           | 3 4 5 6 8 9 11 12 14 15 | 15.5
Shields        | 4 5 6 7 8 9 10 11 | 11.7
Armour         | 4 5 6 7 8 9 10 11 | 11.5
Invocations    | 3 |  3.0
Evocations     | 2 5 7 8 |  8.0
Dodging        | 4 6 |  6.5

Action                   |  1- 3 |  4- 6 |  7- 9 | 10-12 | 13-15 || total
-------------------------+-------+-------+-------+-------+-------++-------
Melee: War axe           |    76 |   212 |   492 |  1234 |   726 ||  2740
       Whip              |       |       |       |    10 |    31 ||    41
Throw: Stone             |     5 |    35 |    26 |    60 |    20 ||   146
 Abil: Heal Wounds       |     1 |     7 |    14 |    15 |    18 ||    55
       Evoke Berserk Rag |       |       |       |       |     1 ||     1
       Evoke Invisibilit |       |       |       |       |     1 ||     1
Evoke: Wand              |       |       |       |    11 |     1 ||    12
  Use: Scroll            |     5 |     7 |     6 |     6 |     2 ||    26
       Potion            |       |       |     1 |       |       ||     1
 Stab: Invisible         |       |       |       |       |     2 ||     2
  Eat: Chunk             |       |     6 |    14 |    21 |    13 ||    54
       Ration            |       |       |       |     3 |       ||     3
Armor: Scale mail        |    22 |    24 |       |       |       ||    46
       Chain mail        |       |    84 |   280 |       |       ||   364
       Plate armour      |       |       |     9 |   660 |   350 ||  1019
Dodge: Dodged            |    17 |    46 |   122 |   241 |   187 ||   613
Block: Shield            |    24 |    94 |   277 |   741 |   416 ||  1552
